[Event "Rated Blitz game"]
[Site "?"]
[Date "2021.10.16"]
[Round "?"]
[White "oticMJ"]
[Black "patrionix31"]
[Result "1-0"]
[ECO "C42"]
[WhiteElo "2296"]
[BlackElo "2426"]
[PlyCount "151"]
[EventDate "2021.??.??"]
[EventType "blitz"]
[TimeControl "180"]

1. e4 e5 2. Nf3 Nf6 3. Nxe5 d6 4. Nxf7 Kxf7 5. Nc3 Be6 6. d4 d5 7. e5 Ng8 8.
Bd3 g6 9. O-O Bh6 10. f4 Ne7 11. f5 gxf5 12. Bxh6 Rg8 13. Qh5+ Rg6 14. Bg5 Qg8
15. Bxe7 Kxe7 16. Bxf5 Rxg2+ 17. Kh1 Rg5 18. Qxh7+ Qxh7 19. Bxh7 Nd7 20. Rg1
Rh5 21. Bd3 Rah8 22. Rg2 Rh4 23. Ne2 c6 24. c3 Bg4 25. Rf1 Nf8 26. Rf4 Bxe2 27.
Rxh4 Rxh4 28. Bxe2 c5 29. Rg4 Rh3 30. Rg7+ Kd8 31. Rxb7 cxd4 32. cxd4 Re3 33.
Bb5 Ng6 34. Rxa7 Nf4 35. h4 Rh3+ 36. Kg1 Rxh4 37. a4 Ne6 38. Rd7+ Kc8 39. Rxd5
Nxd4 40. Rd6 Nxb5 41. axb5 Re4 42. Rd5 Re2 43. Kf1 Rxb2 44. Ke1 Kc7 45. Rd2
Rxb5 46. Re2 Kd7 47. Kf2 Ke6 48. Kf3 Rb4 49. Re4 Rb3+ 50. Kf4 Rb1 51. Re3 Rf1+
52. Ke4 Rf5 53. Kd4 Rf4+ 54. Re4 Rf1 55. Re3 Rd1+ 56. Ke4 Rd5 57. Kf4 Rd4+ 58.
Re4 Rd2 59. Re3 Rf2+ 60. Ke4 Rf1 61. Kd4 Rd1+ 62. Ke4 Ra1 63. Kf4 Ra4+ 64. Re4
Ra8 65. Re3 Rf8+ 66. Ke4 Rf5 67. Kd4 Rh5 68. Re4 Rh3 69. Re3 Rh2 70. Ke4 Rh8
71. Kd4 Rb8 72. Ke4 Rb5 73. Kf3 Ra5 74. Kf4 Ra3 75. Re4 Ra4 76. Rxa4 {Normal}
1-0

[Event "Rated Blitz tournament XX012V0h"]
[Site "?"]
[Date "2021.10.15"]
[Round "?"]
[White "LTop"]
[Black "euar"]
[Result "1-0"]
[ECO "C42"]
[WhiteElo "2466"]
[BlackElo "2418"]
[PlyCount "105"]
[EventDate "2021.??.??"]
[EventType "blitz"]
[TimeControl "180"]

1. e4 e5 2. Nf3 Nf6 3. Nxe5 d6 4. Nxf7 Kxf7 5. d4 c5 6. Nc3 cxd4 7. Bc4+ Be6 8.
Qxd4 Nc6 9. Bxe6+ Kxe6 10. Qc4+ Kd7 11. Bf4 Rc8 12. O-O-O Qa5 13. Kb1 Ne5 14.
Qb3 Be7 15. Bxe5 Qxe5 16. Rhf1 Kc7 17. f4 Qc5 18. e5 d5 19. exf6 Bxf6 20. Nxd5+
Kb8 21. Nxf6 gxf6 22. g3 Rhe8 23. Qd3 Ka8 24. Rd2 a6 25. a3 Re6 26. Rfd1 Rb6
27. b4 a5 28. c3 Qxc3 29. Qxc3 Rxc3 30. Rb2 Rxa3 31. bxa5 Rxb2+ 32. Kxb2 Rxa5
33. Rd7 Rh5 34. h4 Rh6 35. Kc3 Rg6 36. Rd3 Ka7 37. Kd4 b5 38. Ke4 Kb6 39. Kf5
Kc5 40. h5 Rg7 41. Kxf6 Rb7 42. g4 Kc4 43. Rd1 b4 44. g5 b3 45. g6 hxg6 46.
hxg6 b2 47. g7 Rb8 48. f5 Kc3 49. Rb1 Kc2 50. Rxb2+ Kxb2 51. Kg6 Kc3 52. f6 Kd4
53. f7 {Normal} 1-0

[Event "Rated Blitz game"]
[Site "?"]
[Date "2021.10.15"]
[Round "?"]
[White "KevinPaveto"]
[Black "Leonel_Escote"]
[Result "1-0"]
[ECO "C42"]
[WhiteElo "2701"]
[BlackElo "2539"]
[PlyCount "35"]
[EventDate "2021.??.??"]
[EventType "blitz"]
[TimeControl "180"]

1. e4 e5 2. Nf3 Nf6 3. Nxe5 d6 4. Nxf7 Kxf7 5. d4 c5 6. Bc4+ Be6 7. Bxe6+ Kxe6
8. O-O cxd4 9. Qxd4 Nc6 10. Qc4+ Kd7 11. Nc3 Ne5 12. Qb5+ Kc8 13. Bg5 a6 14.
Qe2 Be7 15. f4 Nc6 16. Rad1 Kb8 17. e5 Qb6+ 18. Kh1 {Normal} 1-0

[Event "Rated Blitz game"]
[Site "?"]
[Date "2021.10.15"]
[Round "?"]
[White "Electracy"]
[Black "r178r7"]
[Result "1/2-1/2"]
[ECO "C42"]
[WhiteElo "2417"]
[BlackElo "2435"]
[PlyCount "81"]
[EventDate "2021.??.??"]
[EventType "blitz"]
[TimeControl "300"]

1. e4 e5 2. Nf3 Nf6 3. Nxe5 d6 4. Nxf7 Kxf7 5. Nc3 c5 6. d4 cxd4 7. Qxd4 Nc6 8.
Bc4+ Be6 9. Bxe6+ Kxe6 10. Qc4+ Kd7 11. Bf4 Qa5 12. O-O-O Re8 13. Kb1 Ne5 14.
Qb3 Kc8 15. f3 a6 16. Nd5 Nxd5 17. Rxd5 Qc7 18. Rhd1 Be7 19. Bxe5 dxe5 20. Rd7
Qc6 21. R1d3 Kb8 22. Qf7 Bb4 23. a3 Ba5 24. Rb3 b5 25. Rbd3 Rc8 26. c3 Rc7 27.
Qxg7 Rxd7 28. Rxd7 Re8 29. Qxh7 Rd8 30. Rxd8+ Bxd8 31. Qh8 Qd6 32. h4 Kb7 33.
h5 Bc7 34. h6 Qd3+ 35. Ka1 b4 36. axb4 Qd1+ 37. Ka2 Qa4+ 38. Kb1 Qd1+ 39. Ka2
Qa4+ 40. Kb1 Qd1+ 41. Ka2 {Normal} 1/2-1/2

[Event "Rated Blitz tournament sRrJkudR"]
[Site "?"]
[Date "2021.10.14"]
[Round "?"]
[White "LokyTheGreat"]
[Black "sumpor"]
[Result "1-0"]
[ECO "C42"]
[WhiteElo "2444"]
[BlackElo "2389"]
[PlyCount "91"]
[EventDate "2021.??.??"]
[EventType "blitz"]
[TimeControl "180"]

1. e4 e5 2. Nf3 Nf6 3. Nxe5 d6 4. Nxf7 Kxf7 5. d4 c5 6. dxc5 Nc6 7. Nc3 Be6 8.
cxd6 Bxd6 9. Bd3 Ne5 10. O-O Nxd3 11. cxd3 Bc5 12. h3 Bd4 13. Ne2 Rf8 14. Qa4
Bb6 15. Nf4 Qd7 16. Qb4 Kg8 17. a4 Bf7 18. a5 Bd4 19. Ra4 Rad8 20. Ne2 Be5 21.
Qd2 Bb3 22. Ra3 Bc4 23. Qg5 Bxd3 24. Rd1 Bxe2 25. Rxd7 Rxd7 26. Qxe5 Rd1+ 27.
Kh2 Rxc1 28. Rc3 Rxc3 29. bxc3 Re8 30. Qc7 Rxe4 31. Qc8+ Re8 32. Qxb7 a6 33.
Qc6 Kf7 34. c4 Re6 35. Qc7+ Re7 36. Qf4 Re4 37. Qc7+ Re7 38. Qc8 Ne4 39. Qxa6
Nxf2 40. Qb5 Nd3 41. a6 Nf4 42. Qf5+ Kg8 43. Qxf4 Rf7 44. Qxf7+ Kxf7 45. a7 Bf3
46. gxf3 {Normal} 1-0

[Event "Rated Blitz game"]
[Site "?"]
[Date "2021.10.14"]
[Round "?"]
[White "trkaljanov"]
[Black "TacticalMaster"]
[Result "1-0"]
[ECO "C42"]
[WhiteElo "2358"]
[BlackElo "2512"]
[PlyCount "121"]
[EventDate "2021.??.??"]
[EventType "blitz"]
[TimeControl "180+2"]

1. e4 e5 2. Nf3 Nf6 3. Nxe5 d6 4. Nxf7 Kxf7 5. d4 c5 6. Bc4+ d5 7. exd5 Bd6 8.
dxc5 Re8+ 9. Be3 Bxc5 10. O-O Bxe3 11. fxe3 Qb6 12. d6+ Be6 13. d7 Nbxd7 14.
Qxd7+ Re7 15. Bxe6+ Qxe6 16. Qxe6+ Rxe6 17. Rf3 Rd8 18. Nc3 Rd2 19. Rf2 Rxf2
20. Kxf2 Ng4+ 21. Kf3 Nxe3 22. Ne4 Nxc2 23. Ng5+ Kg6 24. Nxe6 Nxa1 25. Nd8 b6
26. Nc6 a5 27. Ne5+ Kf5 28. Nc4 a4 29. Nxb6 a3 30. bxa3 Nc2 31. a4 Nd4+ 32. Kf2
Nc6 33. Nc4 Ke4 34. a5 Kd4 35. Nd6 Nxa5 36. Nf5+ Kc3 37. Nxg7 Kb2 38. Ne6 Kxa2
39. Ng5 h5 40. Kg3 Kb3 41. Kh4 Kc4 42. Kxh5 Kd5 43. Kg6 Nc6 44. h4 Ne5+ 45. Kf5
Kd6 46. g4 Nc4 47. Ne4+ Ke7 48. h5 Kf7 49. g5 Ne3+ 50. Ke5 Kg7 51. Nf6 Nc4+ 52.
Kf4 Nd6 53. h6+ Kg6 54. Ng4 Ne8 55. Ne5+ Kh7 56. Kf5 Nd6+ 57. Ke6 Ne4 58. Kf5
Nd6+ 59. Kf4 Ne8 60. Kg4 Nd6 61. Kh5 {Normal} 1-0

[Event "Rated Blitz game"]
[Site "?"]
[Date "2021.10.14"]
[Round "?"]
[White "mared2"]
[Black "caiosales"]
[Result "1-0"]
[ECO "C42"]
[WhiteElo "2420"]
[BlackElo "2392"]
[PlyCount "39"]
[EventDate "2021.??.??"]
[EventType "blitz"]
[TimeControl "180"]

1. e4 e5 2. Nf3 Nf6 3. Nxe5 d6 4. Nxf7 Kxf7 5. d4 c5 6. dxc5 d5 7. e5 Ne4 8.
Bd3 Qa5+ 9. c3 Qxc5 10. O-O g6 11. Nd2 Nxd2 12. Bxd2 Bf5 13. Be3 Qc8 14. Bxf5
gxf5 15. Qxd5+ Kg6 16. f4 Nc6 17. Rf3 h5 18. Rg3+ Kh6 19. Qf7 Ne7 20. Rd1 {
Normal} 1-0

[Event "Rated Blitz game"]
[Site "?"]
[Date "2021.10.13"]
[Round "?"]
[White "AlekseyEvdokimov"]
[Black "TacticalMaster"]
[Result "0-1"]
[ECO "C42"]
[WhiteElo "2398"]
[BlackElo "2494"]
[PlyCount "68"]
[EventDate "2021.??.??"]
[EventType "blitz"]
[TimeControl "180+2"]

1. e4 e5 2. Nf3 Nf6 3. Nxe5 d6 4. Nxf7 Kxf7 5. d4 d5 6. Nc3 Bb4 7. e5 Ne4 8.
Qf3+ Kg8 9. Bd3 Qf8 10. Bxe4 dxe4 11. Qxe4 c6 12. g4 Be6 13. O-O Bxc3 14. bxc3
h5 15. g5 Bd5 16. Qf4 Nd7 17. Re1 Qxf4 18. Bxf4 Kf7 19. a4 Ke6 20. a5 Rhf8 21.
Be3 b5 22. f4 g6 23. a6 Nb6 24. Bc1 Nc4 25. Rf1 h4 26. Ba3 Nxa3 27. Rxa3 Rf5
28. c4 bxc4 29. Rh3 Rb8 30. Rxh4 Rf7 31. Rh6 Kf5 32. h4 Rb2 33. Rf2 Rb1+ 34.
Kh2 Kg4 {Normal} 0-1

[Event "Rated Blitz game"]
[Site "?"]
[Date "2021.10.13"]
[Round "?"]
[White "shypo0o0o0rchi"]
[Black "SuperDonald"]
[Result "0-1"]
[ECO "C42"]
[WhiteElo "2482"]
[BlackElo "2513"]
[PlyCount "90"]
[EventDate "2021.??.??"]
[EventType "blitz"]
[TimeControl "180+2"]

1. e4 e5 2. Nf3 Nf6 3. Nxe5 d6 4. Nxf7 Kxf7 5. d4 c5 6. Bc4+ d5 7. exd5 Bd6 8.
O-O cxd4 9. Qxd4 Re8 10. Nc3 Nbd7 11. Nb5 Nb6 12. Bb3 Re4 13. Qd3 a6 14. Nxd6+
Qxd6 15. Bg5 Bf5 16. Qf3 Bg6 17. c4 Nbd7 18. Rac1 Rae8 19. Be3 Nc5 20. Bc2 Rh4
21. g3 Be4 22. Bxe4 Rhxe4 23. b4 Nd3 24. Rc3 Ne5 25. Qe2 Neg4 26. Rd1 Nxe3 27.
Rxe3 Qxb4 28. d6 Rxe3 29. fxe3 Qa4 30. d7 Nxd7 31. Qh5+ Kf8 32. Rf1+ Nf6 33.
Qxh7 Qxc4 34. Qh8+ Qg8 35. Qh5 Qxa2 36. Qc5+ Kg8 37. Qg5 Qe6 38. Rf3 Ne4 39.
Rf4 Nxg5 40. e4 Nxe4 41. Kg2 Qc6 42. Kh3 Nf6 43. Rh4 Qd7+ 44. Kg2 Re2+ 45. Kf1
Qd1# {Normal} 0-1

[Event "Rated Blitz game"]
[Site "?"]
[Date "2021.10.13"]
[Round "?"]
[White "ALJANDro76"]
[Black "Artem_Ry"]
[Result "0-1"]
[ECO "C42"]
[WhiteElo "2417"]
[BlackElo "2365"]
[PlyCount "58"]
[EventDate "2021.??.??"]
[EventType "blitz"]
[TimeControl "180"]

1. e4 e5 2. Nf3 Nf6 3. Nxe5 d6 4. Nxf7 Kxf7 5. Bc4+ Ke8 6. Nc3 Nc6 7. d4 Na5 8.
Bd3 c5 9. dxc5 dxc5 10. e5 c4 11. exf6 cxd3 12. Qh5+ g6 13. Qe5+ Kf7 14. O-O
dxc2 15. Ne4 h6 16. Be3 Nc6 17. Qc3 Bf5 18. Qc4+ Be6 19. Qc3 Bb4 20. Qxc2 Re8
21. Rad1 Qa5 22. a3 Bf8 23. f4 Rad8 24. f5 gxf5 25. Nc5 Bxc5 26. Bxc5 Rxd1 27.
Rxd1 Rd8 28. Re1 Nd4 29. Bb4 Nxc2 {Normal} 0-1

[Event "Rated Blitz game"]
[Site "?"]
[Date "2021.10.13"]
[Round "?"]
[White "NguyenDucHoa"]
[Black "mufiks"]
[Result "1-0"]
[ECO "C42"]
[WhiteElo "2653"]
[BlackElo "2665"]
[PlyCount "81"]
[EventDate "2021.??.??"]
[EventType "blitz"]
[TimeControl "180"]

1. e4 e5 2. Nf3 Nf6 3. Nxe5 d6 4. Nxf7 Kxf7 5. Bc4+ d5 6. exd5 Bd6 7. O-O a6 8.
d3 Re8 9. Nc3 b5 10. Bb3 Kg8 11. Bg5 h6 12. Bh4 Bf5 13. f3 Nbd7 14. Ne4 Qe7 15.
Qd2 Qe5 16. Bg3 Qxb2 17. Bxd6 cxd6 18. Nxd6 Bg6 19. Ne4 Kh7 20. Qf2 Qe5 21.
Rae1 a5 22. a4 Reb8 23. f4 Qc7 24. d6 Qb6 25. f5 Bh5 26. h3 bxa4 27. Bxa4 Qb4
28. Bxd7 Nxd7 29. g4 Bf7 30. g5 Bd5 31. f6 Bxe4 32. Rxe4 Qxd6 33. Re7 Rg8 34.
Qf5+ Kh8 35. Rxd7 Qb6+ 36. Kh2 a4 37. fxg7+ Rxg7 38. Rxg7 Kxg7 39. Qe5+ Kh7 40.
Rf7+ Kg6 41. Rf6+ {Normal} 1-0

[Event "Rated Blitz game"]
[Site "?"]
[Date "2021.10.13"]
[Round "?"]
[White "NguyenDucHoa"]
[Black "mufiks"]
[Result "1-0"]
[ECO "C42"]
[WhiteElo "2641"]
[BlackElo "2677"]
[PlyCount "139"]
[EventDate "2021.??.??"]
[EventType "blitz"]
[TimeControl "180"]

1. e4 e5 2. Nf3 Nf6 3. Nxe5 d6 4. Nxf7 Kxf7 5. Bc4+ d5 6. exd5 Bd6 7. O-O Bg4
8. f3 Bf5 9. Nc3 Re8 10. d3 Nbd7 11. Ne4 Ne5 12. Bb3 h6 13. c4 Kg8 14. Kh1 Ned7
15. Be3 b6 16. Qd2 Qe7 17. Rae1 Qf7 18. Ba4 Re7 19. Bd4 Rae8 20. Bxf6 gxf6 21.
Qxh6 Qg6 22. Qxg6+ Bxg6 23. Bxd7 Bxe4 24. Bxe8 Bxd3 25. Rxe7 Bxe7 26. Re1 Bb4
27. Rc1 Kf8 28. Bh5 a5 29. b3 f5 30. g3 Ke7 31. Kg2 Kf6 32. f4 Bc5 33. Bf3 a4
34. h4 a3 35. h5 Kg7 36. g4 fxg4 37. Bxg4 Kh6 38. Kg3 Bb4 39. Bf3 Bf5 40. Rd1
Bc2 41. Rc1 Bf5 42. Bg4 Be4 43. Be6 Bd3 44. Kf3 Kxh5 45. Rh1+ Kg6 46. f5+ Kf6
47. Rh6+ Ke5 48. f6 Bb1 49. c5 Bxc5 50. f7 Bxa2 51. b4 Bxb4 52. d6 Bxd6 53.
Bxa2 Bb4 54. Re6+ Kd4 55. Re4+ Kc3 56. Rxb4 Kxb4 57. f8=Q+ Kc3 58. Qf7 b5 59.
Qb3+ Kd4 60. Qxa3 c6 61. Qb3 Kc5 62. Qe3+ Kb4 63. Ke4 c5 64. Qd2+ Ka3 65. Kd5
c4 66. Kc5 c3 67. Qxc3+ Kxa2 68. Qb4 Ka1 69. Kd4 Ka2 70. Kc3 {Normal} 1-0

[Event "Rated Blitz game"]
[Site "?"]
[Date "2021.10.13"]
[Round "?"]
[White "NguyenDucHoa"]
[Black "mufiks"]
[Result "1-0"]
[ECO "C42"]
[WhiteElo "2640"]
[BlackElo "2678"]
[PlyCount "69"]
[EventDate "2021.??.??"]
[EventType "blitz"]
[TimeControl "180"]

1. e4 e5 2. Nf3 Nf6 3. Nxe5 d6 4. Nxf7 Kxf7 5. Bc4+ d5 6. exd5 Bd6 7. O-O Re8
8. d3 Bg4 9. f3 Bh5 10. Nc3 Nbd7 11. Ne4 Ne5 12. Bg5 h6 13. Bxf6 gxf6 14. Qd2
Kg7 15. Bb3 f5 16. Ng3 Bg6 17. d4 Nd7 18. Rae1 Qh4 19. Qf2 Rxe1 20. Nxf5+ Bxf5
21. Qxh4 Rxf1+ 22. Kxf1 Re8 23. c4 b6 24. Ba4 Re3 25. Qf2 Bd3+ 26. Kg1 Re2 27.
Qh4 Nf6 28. b4 Rxa2 29. c5 Rxa4 30. cxd6 cxd6 31. Qg3+ Bg6 32. Qxd6 Bf7 33. Qe5
Bxd5 34. b5 Rb4 35. Qe7+ {Normal} 1-0

[Event "Rated Blitz game"]
[Site "?"]
[Date "2021.10.12"]
[Round "?"]
[White "trkaljanov"]
[Black "Chrobry1"]
[Result "1-0"]
[ECO "C42"]
[WhiteElo "2381"]
[BlackElo "2400"]
[PlyCount "55"]
[EventDate "2021.??.??"]
[EventType "blitz"]
[TimeControl "180+2"]

1. e4 e5 2. Nf3 Nf6 3. Nxe5 d6 4. Nxf7 Kxf7 5. d4 c5 6. Bc4+ d5 7. exd5 cxd4 8.
O-O Bc5 9. b4 Bd6 10. Qxd4 Qc7 11. h3 Nbd7 12. Nc3 a6 13. Bb2 Re8 14. Rfe1 Ne5
15. Bb3 Bf5 16. f4 Ned7 17. g4 Bg6 18. f5 Bh2+ 19. Kh1 Qg3 20. fxg6+ hxg6 21.
d6+ Kf8 22. Rxe8+ Kxe8 23. Qd3 Qf4 24. Rf1 Qg3 25. Qe2+ Ne5 26. Qxh2 Qxh2+ 27.
Kxh2 Kd7 28. Nd5 {Time forfeit} 1-0

[Event "Rated Blitz game"]
[Site "?"]
[Date "2021.10.12"]
[Round "?"]
[White "MoveAndThink"]
[Black "Czerepach"]
[Result "1-0"]
[ECO "C42"]
[WhiteElo "2440"]
[BlackElo "2314"]
[PlyCount "63"]
[EventDate "2021.??.??"]
[EventType "blitz"]
[TimeControl "180"]

1. e4 e5 2. Nf3 Nf6 3. Nxe5 d6 4. Nxf7 Kxf7 5. Bc4+ Ke8 6. O-O Bg4 7. f3 Bh5 8.
d4 Nbd7 9. c3 Bf7 10. Bxf7+ Kxf7 11. Qb3+ Ke8 12. Qxb7 Rb8 13. Qxa7 Be7 14. Qa6
Rf8 15. Nd2 c5 16. Nb3 Qb6 17. Qc4 cxd4 18. Nxd4 Ne5 19. Qe6 Rf7 20. Be3 Qxb2
21. Rab1 Qxb1 22. Rxb1 Rxb1+ 23. Kf2 Nxe4+ 24. Ke2 Nxc3+ 25. Kd2 Na4 26. Nf5
Rb2+ 27. Ke1 Nd3+ 28. Kf1 Rb1+ 29. Ke2 Nc1+ 30. Kd2 Nxa2 31. Nxd6+ Kd8 32. Qc8#
{Normal} 1-0

[Event "Rated Blitz game"]
[Site "?"]
[Date "2021.10.12"]
[Round "?"]
[White "hagr135"]
[Black "Bleichkind"]
[Result "1-0"]
[ECO "C42"]
[WhiteElo "2391"]
[BlackElo "2476"]
[PlyCount "145"]
[EventDate "2021.??.??"]
[EventType "blitz"]
[TimeControl "180"]

1. e4 e5 2. Nf3 Nf6 3. Nxe5 d6 4. Nxf7 Kxf7 5. d4 g6 6. Nc3 Bg7 7. Bc4+ Be6 8.
d5 Bd7 9. e5 dxe5 10. d6+ Be6 11. Bxe6+ Kxe6 12. dxc7 Qxd1+ 13. Nxd1 Na6 14.
O-O Nxc7 15. Re1 Rhd8 16. Ne3 Kf7 17. Nc4 e4 18. Bf4 Ncd5 19. Be5 b5 20. Nd6+
Ke6 21. Bxf6 Nxf6 22. Nxe4 Nxe4 23. Rxe4+ Kf7 24. c3 Rd7 25. Kf1 Rad8 26. Rae1
Bf6 27. g3 Rd2 28. R1e2 Rxe2 29. Rxe2 Rd1+ 30. Kg2 g5 31. g4 Rd3 32. h3 a5 33.
Rc2 a4 34. a3 Rd1 35. Re2 Rb1 36. Rc2 Ke6 37. Kf3 Kd5 38. Rd2+ Kc6 39. Ke4 Be5
40. Kxe5 Rh1 41. Kf5 Rxh3 42. Kxg5 Rf3 43. Kh4 Kc5 44. g5 Kc4 45. Kg4 Rf7 46.
f4 Kb3 47. f5 Re7 48. f6 Re4+ 49. Kf5 Re1 50. f7 Rf1+ 51. Ke6 Re1+ 52. Kf6 Rf1+
53. Kg7 Kc4 54. f8=Q Rxf8 55. Kxf8 Kb3 56. Kg7 Kc4 57. Kxh7 Kb3 58. g6 b4 59.
g7 bxa3 60. bxa3 Kxc3 61. Rg2 Kd4 62. g8=Q Ke4 63. Qe8+ Kd5 64. Rd2+ Kc4 65.
Qc8+ Kb3 66. Qc2+ Kxa3 67. Rd3+ Kb4 68. Qb2+ Kc4 69. Rd4+ Kc5 70. Qb4+ Kc6 71.
Rd6+ Kc7 72. Qb6+ Kc8 73. Rd8# {Normal} 1-0

[Event "Rated Blitz game"]
[Site "?"]
[Date "2021.10.11"]
[Round "?"]
[White "MoveAndThink"]
[Black "micfel"]
[Result "0-1"]
[ECO "C42"]
[WhiteElo "2462"]
[BlackElo "2429"]
[PlyCount "38"]
[EventDate "2021.??.??"]
[EventType "blitz"]
[TimeControl "180"]

1. e4 e5 2. Nf3 Nf6 3. Nxe5 d6 4. Nxf7 Kxf7 5. Bc4+ d5 6. exd5 Bd6 7. O-O Re8
8. d4 Nbd7 9. Bg5 Nb6 10. Bb3 h6 11. Bh4 g5 12. Bg3 a5 13. a4 Bxg3 14. fxg3
Nbxd5 15. c4 Ne3 16. c5+ Kg7 17. Qd3 Nxf1 18. Qxf1 Qxd4+ 19. Kh1 Qxb2 {Normal}
0-1

[Event "Rated Blitz game"]
[Site "?"]
[Date "2021.10.11"]
[Round "?"]
[White "IstoguH"]
[Black "EDA2021"]
[Result "1-0"]
[ECO "C42"]
[WhiteElo "2264"]
[BlackElo "2449"]
[PlyCount "89"]
[EventDate "2021.??.??"]
[EventType "blitz"]
[TimeControl "180+2"]

1. e4 e5 2. Nf3 Nf6 3. Nxe5 d6 4. Nxf7 Kxf7 5. Nc3 Be7 6. d4 Rf8 7. Bc4+ Be6 8.
Qe2 Qd7 9. d5 Bg4 10. f3 Bh5 11. e5 Kg8 12. exf6 Bxf6 13. Be3 Re8 14. O-O-O Na6
15. Bxa6 bxa6 16. Qd3 Bg6 17. Ne4 Be5 18. h4 Rab8 19. b3 a5 20. h5 Bxe4 21.
fxe4 a4 22. Bd4 axb3 23. axb3 a5 24. h6 g6 25. Rhf1 a4 26. Bxe5 Rxe5 27. Rf6
axb3 28. cxb3 Qg4 29. Rdf1 Qxe4 30. Qxe4 Rxe4 31. Rf7 Re1+ 32. Kc2 Rxf1 33.
Rxf1 Rb5 34. Rd1 Kf7 35. Kc3 Kf6 36. Kc4 Rc5+ 37. Kd4 Kg5 38. Rh1 Rc2 39. Rh2
Kf4 40. g3+ Kg4 41. Rxc2 Kxg3 42. Rxc7 g5 43. Rxh7 g4 44. Rg7 Kh3 45. h7 {
Normal} 1-0

[Event "Rated Blitz game"]
[Site "?"]
[Date "2021.10.11"]
[Round "?"]
[White "hagr135"]
[Black "adnansendur"]
[Result "0-1"]
[ECO "C42"]
[WhiteElo "2387"]
[BlackElo "2470"]
[PlyCount "68"]
[EventDate "2021.??.??"]
[EventType "blitz"]
[TimeControl "180"]

1. e4 e5 2. Nf3 Nf6 3. Nxe5 d6 4. Nxf7 Kxf7 5. d4 Qe8 6. f3 c5 7. dxc5 dxc5 8.
Be3 Nc6 9. Nc3 Be6 10. Bb5 Rd8 11. Qe2 a6 12. Bxc6 Qxc6 13. O-O b5 14. Bg5 Bc4
15. Qf2 Bxf1 16. Rxf1 Be7 17. e5 Nd5 18. Bxe7 Nxe7 19. Ne4 h6 20. Nxc5 Rhf8 21.
f4 Kg8 22. b4 Qd5 23. Nxa6 Ng6 24. Qe3 Nh4 25. Qg3 Nf5 26. Qg6 Ra8 27. Nc5 Rxa2
28. Nd3 Rxc2 29. Nf2 Ne3 30. Rd1 Nxd1 31. Qxc2 Ne3 32. Qe4 Qxe4 33. Nxe4 Rxf4
34. Nd6 Rf1# {Normal} 0-1

[Event "Rated Blitz game"]
[Site "?"]
[Date "2021.10.11"]
[Round "?"]
[White "judineptune"]
[Black "Shurman-kgn"]
[Result "1-0"]
[ECO "C42"]
[WhiteElo "2491"]
[BlackElo "2419"]
[PlyCount "87"]
[EventDate "2021.??.??"]
[EventType "blitz"]
[TimeControl "180"]

1. e4 e5 2. Nf3 Nf6 3. Nxe5 d6 4. Nxf7 Kxf7 5. d4 c5 6. dxc5 d5 7. Nc3 d4 8.
Bc4+ Be6 9. Bxe6+ Kxe6 10. Nd5 Bxc5 11. Bg5 Nbd7 12. O-O h6 13. Bh4 g5 14. Bg3
Nxd5 15. exd5+ Kf7 16. Qh5+ Kg7 17. Rfe1 Qf6 18. Re6 Qf7 19. Qg4 d3 20. cxd3
Rhf8 21. d4 Bb6 22. Rae1 Bd8 23. Rd6 Nf6 24. Be5 Kg8 25. Qf5 Qh7 26. Qe6+ Qf7
27. Qf5 Qh7 28. Qe6+ Qf7 29. Rxd8 Raxd8 30. Bxf6 Qxe6 31. Rxe6 Rxd5 32. Be5 Rc8
33. h3 Kh7 34. Re7+ Kg6 35. g4 h5 36. Rg7+ Kh6 37. Rxb7 hxg4 38. hxg4 Rc2 39.
a4 a5 40. Kg2 Rd8 41. Rb6+ Kh7 42. Bf6 Rf8 43. d5 Rd2 44. Rd6 {Time forfeit}
1-0

[Event "Rated Blitz tournament G56b9o8Y"]
[Site "?"]
[Date "2021.10.11"]
[Round "?"]
[White "HpRmDrNsT"]
[Black "Elsny13"]
[Result "0-1"]
[ECO "C42"]
[WhiteElo "2353"]
[BlackElo "2585"]
[PlyCount "33"]
[EventDate "2021.??.??"]
[EventType "blitz"]
[TimeControl "180"]

1. e4 e5 2. Nf3 Nf6 3. Nxe5 d6 4. Nxf7 Kxf7 5. d4 c5 6. Nc3 cxd4 7. Qxd4 Nc6 8.
Qe3 Qb6 9. Qg3 Nd4 10. Bd3 h5 11. O-O h4 12. Qf4 Be6 13. Be3 Qc5 14. b4 Qe5 15.
Rab1 Be7 16. b5 Rac8 17. Nd1 {Normal} 0-1

[Event "Rated Blitz game"]
[Site "?"]
[Date "2021.10.11"]
[Round "?"]
[White "chuparating"]
[Black "Emptyeye"]
[Result "0-1"]
[ECO "C42"]
[WhiteElo "2506"]
[BlackElo "2631"]
[PlyCount "30"]
[EventDate "2021.??.??"]
[EventType "blitz"]
[TimeControl "180"]

1. e4 e5 2. Nf3 Nf6 3. Nxe5 d6 4. Nxf7 Kxf7 5. d4 Nc6 6. c3 Kg6 7. Bd3 Kf7 8.
O-O g6 9. f4 Kg7 10. e5 Ng4 11. h3 Nh6 12. g4 Qh4 13. Qf3 dxe5 14. dxe5 Bxg4
15. hxg4 Nxg4 {Normal} 0-1

[Event "Rated Blitz game"]
[Site "?"]
[Date "2021.10.11"]
[Round "?"]
[White "Petrofildo"]
[Black "adnansendur"]
[Result "0-1"]
[ECO "C42"]
[WhiteElo "2454"]
[BlackElo "2516"]
[PlyCount "30"]
[EventDate "2021.??.??"]
[EventType "blitz"]
[TimeControl "180"]

1. e4 e5 2. Nf3 Nf6 3. Nxe5 d6 4. Nxf7 Kxf7 5. d4 Qe8 6. f3 c5 7. c3 cxd4 8.
cxd4 g6 9. Nc3 Bg7 10. Bd3 Rf8 11. O-O Kg8 12. Bf4 Qe7 13. Qb3+ Be6 14. Qa3 Ne8
15. e5 Rxf4 {Normal} 0-1

[Event "Rated Blitz game"]
[Site "?"]
[Date "2021.10.10"]
[Round "?"]
[White "chuparating"]
[Black "mesterseen"]
[Result "0-1"]
[ECO "C42"]
[WhiteElo "2507"]
[BlackElo "2487"]
[PlyCount "54"]
[EventDate "2021.??.??"]
[EventType "blitz"]
[TimeControl "180"]

1. e4 e5 2. Nf3 Nf6 3. Nxe5 d6 4. Nxf7 Kxf7 5. d4 g6 6. Bc4+ Be6 7. Bxe6+ Kxe6
8. O-O Nbd7 9. f4 Kf7 10. e5 Ne8 11. f5 dxe5 12. fxg6+ Kg7 13. gxh7 Ndf6 14.
dxe5 Qxd1 15. exf6+ Nxf6 16. Rxd1 Bc5+ 17. Kf1 Rxh7 18. Nd2 Rf8 19. Nf3 Kg8 20.
h3 Ne4 21. Rd5 Ng3+ 22. Ke1 Re8+ 23. Kd1 Ne4 24. Bf4 c6 25. Rf5 Rd7+ 26. Kc1
Nf2 27. b3 Ba3+ {Normal} 0-1

[Event "Rated Blitz game"]
[Site "?"]
[Date "2021.10.10"]
[Round "?"]
[White "KingRAZOR"]
[Black "TheHumanMachine"]
[Result "1-0"]
[ECO "C42"]
[WhiteElo "2384"]
[BlackElo "2400"]
[PlyCount "73"]
[EventDate "2021.??.??"]
[EventType "blitz"]
[TimeControl "180"]

1. e4 e5 2. Nf3 Nf6 3. Nxe5 d6 4. Nxf7 Kxf7 5. Nc3 c5 6. Bc4+ Kg6 7. h4 h5 8.
d4 cxd4 9. Qxd4 Nc6 10. Qe3 Ng4 11. Qg3 Nce5 12. Be2 Kh7 13. f4 Nf7 14. f5 Nfe5
15. Bf4 Qb6 16. O-O-O Qf2 17. Bxe5 dxe5 18. Qd3 Qe3+ 19. Qxe3 Nxe3 20. Rd3 Nxg2
21. Bxh5 Nf4 22. Bg6+ Nxg6 23. fxg6+ Kxg6 24. Rg3+ Kh7 25. Nd5 Be6 26. Nc7 Bf7
27. Nxa8 Bd6 28. Rd1 Be7 29. Rd7 Bxh4 30. Rh3 Kg6 31. Kb1 Rxa8 32. Rxh4 Rf8 33.
b3 Kg5 34. Rh1 Kg6 35. Rxb7 Rg8 36. Rg1+ Kh7 37. Rxf7 {Normal} 1-0

[Event "Rated Blitz game"]
[Site "?"]
[Date "2021.10.10"]
[Round "?"]
[White "KingRAZOR"]
[Black "TheHumanMachine"]
[Result "1-0"]
[ECO "C42"]
[WhiteElo "2383"]
[BlackElo "2401"]
[PlyCount "125"]
[EventDate "2021.??.??"]
[EventType "blitz"]
[TimeControl "180"]

1. e4 e5 2. Nf3 Nf6 3. Nxe5 d6 4. Nxf7 Kxf7 5. Nc3 c5 6. d4 cxd4 7. Qxd4 Nc6 8.
Bc4+ Kg6 9. Qd2 h6 10. O-O Ne5 11. Be2 Qb6 12. Kh1 Bg4 13. f3 Be6 14. f4 Nc4
15. f5+ Kh7 16. Qf4 Bf7 17. b3 Ne5 18. Bb2 Rc8 19. Nd5 Nxd5 20. exd5 Be7 21. c4
Bf6 22. Qg3 Rce8 23. Bd1 a5 24. Bc2 a4 25. Rad1 a3 26. Bd4 Qc7 27. h3 b5 28.
Bd3 bxc4 29. bxc4 Nxd3 30. Bxf6 gxf6 31. Qxd3 Re5 32. Rf3 Rg8 33. Rb1 Qc5 34.
Rb3 Re1+ 35. Rf1 Rxf1+ 36. Qxf1 Rg5 37. Qf3 Qd4 38. Rxa3 Qa1+ 39. Kh2 Qe5+ 40.
Kh1 Bh5 41. Qc3 Qxf5 42. Ra7+ Rg7 43. Rxg7+ Kxg7 44. Qg3+ Bg6 45. Qxd6 Qb1+ 46.
Kh2 Qxa2 47. Qe7+ Bf7 48. d6 Qxc4 49. d7 Qe6 50. Qxe6 Bxe6 51. d8=Q Kg6 52. Qe7
Bf7 53. g4 h5 54. gxh5+ Kg7 55. h6+ Kxh6 56. Qxf7 f5 57. Qxf5 Kg7 58. Kg3 Kh6
59. Qg4 Kh7 60. Kf4 Kh6 61. Kf5 Kh7 62. Kf6 Kh8 63. Qg7# {Normal} 1-0